 Dungeon Crawl Stone Soup version 0.26.1-11-gd32895ea62 (webtiles) character file.

Game seed: 794095072708617091

4945 buriedalive the Nimble (level 10, -1/50 HPs)
             Began as a Deep Elf Conjurer on June 16, 2021.
             Was an Initiate of Ashenzari.
             Slain by a six-headed hydra (8 damage)
             ... on level 9 of the Dungeon.
             The game lasted 00:19:50 (9816 turns).

buriedalive the Nimble (Deep Elf Conjurer)          Turns: 9816, Time: 00:19:51

Health: -1/50      AC:  8    Str:  4    XL:     10   Next: 28%
Magic:  17/21      EV: 17    Int: 27    God:    Ashenzari [......]
Gold:   233        SH:  0    Dex: 13    Spells: 14/21 levels left

rFire    + . .     SeeInvis .   D - +3 mace of Xilideh {venom, rN+} (curse)
rCold    + . .     Faith    .   (no shield)
rNeg     + . .     Spirit   .   x - +1 leather armour {rF+} (curse)
rPois    +         Reflect  .   (no helmet)
rElec    .         Harm     .   c - +2 cloak (curse)
rCorr    .         Rampage  .   (no gloves)
Will     +....                  H - +0 pair of boots (curse)
Stlth    ++........             t - amulet of regeneration
HPRegen  0.56/turn              y - ring of protection from cold
MPRegen  0.17/turn              n - ring of poison resistance

@: no status effects
A: no striking features
a: Renounce Religion, Curse Item


You were on level 9 of the Dungeon.
You worshipped Ashenzari.
Ashenzari was noncommittal.
You visited 1 branch of the dungeon, and saw 9 of its levels.

You collected 433 gold pieces.
You spent 200 gold pieces at shops.

Inventory:

Hand Weapons
 u - a +0 morningstar of holy wrath
 D - the cursed +3 mace of Xilideh (weapon) {venom, rN+}
   (You bought it in a shop on level 6 of the Dungeon)

   It poisons the flesh of those it strikes.
   It protects you from negative energy.
   It has a curse placed upon it.
 F - a +4 morningstar of freezing
Missiles
 o - 22 poisoned darts (quivered)
 q - 213 stones
Armour
 c - a cursed +2 cloak (worn)
 x - a cursed +1 leather armour of fire resistance (worn)
 H - a cursed +0 pair of boots (worn)
Jewellery
 m - an uncursed ring of wizardry
 n - a ring of poison resistance (right hand)
 t - an amulet of regeneration (around neck)
 y - a ring of protection from cold (left hand)
Wands
 a - a wand of polymorph (10)
 A - a wand of enslavement (4)
Scrolls
 b - 9 scrolls of teleportation
 d - a scroll of magic mapping {unknown}
 f - 2 scrolls of blinking
 p - a scroll of fear
 z - a scroll of amnesia
 B - a scroll of remove curse
 C - a scroll of enchant armour {unknown}
Potions
 e - 4 potions of heal wounds
 h - a potion of brilliance
 i - 2 potions of curing
 j - 2 potions of might
 k - 4 potions of magic
 l - 3 potions of lignification
 r - 2 potions of haste
 s - 4 potions of ambrosia {unknown}
 v - a potion of resistance {unknown}
 w - 2 potions of degeneration {unknown}
 E - 2 potions of invisibility
 G - a potion of attraction {unknown}
 I - a potion of mutation {unknown}


   Skills:
 + Level 11.1 Dodging
 - Level 2.4 Stealth
 - Level 6.0 Spellcasting
 + Level 10.9 Conjurations
 + Level 8.7 Hexes


You had 14 spell levels left.
You knew the following spells:

 Your Spells              Type           Power        Failure   Level
a - Magic Dart            Conj           100%         1%          1
b - Searing Ray           Conj           100%         1%          2
c - Fulminant Prism       Conj/Hex       28%          1%          4

Your spell library contained the following spells:

 Spells                   Type           Power        Failure   Level
 Dazzling Flash           Conj/Hex       100%         1%          3
 Cause Fear               Hex            26%          3%          4
 Iskenderun's Mystic Bla  Conj/Tloc      37%          12%         4
 Silence                  Hex/Air        15%          47%         5
 Yara's Violent Unravell  Hex/Tmut       15%          47%         5
 Discord                  Hex            26%          100%        8


Dungeon Overview and Level Annotations

Branches:
Dungeon (9/15)             Temple (0/1) D:7            Lair (0/6) D:8
    Orc: D:9-12

Altars:
Ashenzari
Fedhas
Makhleb
Nemelex Xobeh
Okawaru
Xom
Zin

Shops:
D:4 *   D:6 (

Annotations:
D:6 1 runed translucent door, Beepinex's ghost, amateur HOFi


Message History

Aiming: Searing Ray (safe; 1% risk of failure)
Press: ? - help, Shift-Dir - straight line, f - quokka
Aim: a quokka (very poisoned, 24% to evade)
The searing ray hits the quokka!
You kill the quokka! (Press . to maintain the ray.) Unknown command.
The searing ray hits the six-headed hydra!
The six-headed hydra is moderately wounded.
The six-headed hydra bites you! The six-headed hydra misses you.
The six-headed hydra bites you! The six-headed hydra misses you.
The six-headed hydra bites you. The six-headed hydra bites you!
* * * LOW HITPOINT WARNING * * *
The searing ray hits the six-headed hydra!
The six-headed hydra is moderately wounded.
The six-headed hydra bites you but does no damage.
The six-headed hydra bites you!
* * * LOW HITPOINT WARNING * * *
The six-headed hydra misses you. The six-headed hydra bites you!
You die...

...#####......#####...
#._..### #### ##....#
#..#### ##.## . #..#
.. ##.## ... #..# .>.
#@## .. #D## #.#..##
#...†.# #.....#
####..# ..# ... #...


You could see a six-headed hydra.

Vanquished Creatures
  Grinder (D:3)
  Sigmund (D:2)
  A wyvern (D:8)
  3 basilisks (D:8)
  3 water moccasins
  2 black bears (D:8)
  3 orc warriors (D:8)
  2 phantoms
  An ice beast (D:6)
  7 ogres
  2 wolves (D:8)
  6 centaurs
  4 bullfrogs
  A big kobold (D:8)
  A scorpion (D:6)
  3 killer bees (D:7)
  3 wights (D:7)
  3 jellies
  6 hounds
  6 orc priests
  6 orc wizards
  A centaur skeleton (D:4)
  4 iguanas
  2 worker ants (D:7)
  13 adders
  4 gnolls (D:8)
  2 shadow imps
  An ooze (D:3)
  2 adder skeletons
  A worm (D:3)
  3 dart slugs
  5 leopard geckos
  42 orcs
  2 ball pythons
  9 bats
  9 giant cockroaches
  5 goblins
  4 hobgoblins
  6 jackals (D:4)
  17 kobolds
  2 quokkas
  4 frilled lizards
  A jackal zombie (D:7)
  A leopard gecko zombie (D:7)
  2 quokka skeletons (D:4)
  6 rats (D:1)
213 creatures vanquished.

Vanquished Creatures (others)
  A fulminant prism (D:8)
  3 fungi (D:8)
  18 plants (D:8)
  2 withered plants (D:6)
24 creatures vanquished.

Grand Total: 237 creatures vanquished

Notes
Turn   | Place    | Note
-------+----------+-------------------------------------------
     0 | D:1      | buriedalive the Deep Elf Conjurer began the quest for the
                  | Orb.
     0 | D:1      | Reached XP level 1. HP: 10/10 MP: 6/6
   309 | D:1      | Reached XP level 2. HP: 15/15 MP: 4/8
   679 | D:1      | Reached skill level 3 in Dodging
   895 | D:1      | Learned a level 2 spell: Searing Ray
   928 | D:1      | Reached XP level 3. HP: 19/19 MP: 10/10
  1339 | D:2      | Found a shimmering altar of Xom.
  1771 | D:2      | Noticed Sigmund
  1866 | D:2      | Killed Sigmund
  1867 | D:2      | Reached skill level 4 in Dodging
  1867 | D:2      | Reached skill level 5 in Spellcasting
  1867 | D:2      | Reached skill level 5 in Conjurations
  1867 | D:2      | Reached XP level 4. HP: 24/24 MP: 2/13
  1867 | D:2      | Reached XP level 5. HP: 28/28 MP: 2/14
  3202 | D:3      | Noticed a phantom
  3219 | D:3      | Killed a phantom
  3220 | D:3      | Reached skill level 5 in Dodging
  3220 | D:3      | Reached XP level 6. HP: 32/32 MP: 3/16
  3587 | D:3      | Noticed Grinder
  3590 | D:3      | Paralysed by Grinder for 5 turns
  3601 | D:3      | Killed Grinder
  3602 | D:3      | Reached skill level 6 in Dodging
  3602 | D:3      | Reached XP level 7. HP: 24/36 MP: 7/18
  3979 | D:3      | Found a sparkling altar of Nemelex Xobeh.
  4430 | D:4      | Found an iron altar of Okawaru.
  4872 | D:4      | Reached skill level 7 in Dodging
  5091 | D:4      | Found a glowing silver altar of Zin.
  5300 | D:4      | Found Cior Usao's Assorted Antiques.
  5443 | D:5      | Entered Level 5 of the Dungeon
  5480 | D:5      | Reached XP level 8. HP: 13/41 MP: 9/19
  5925 | D:5      | Learned a level 4 spell: Fulminant Prism
  5965 | D:5      | Reached skill level 8 in Dodging
  5965 | D:5      | Reached skill level 1 in Hexes
  6502 | D:6      | Found a runed translucent door.
  6503 | D:6      | Noticed Beepinex's ghost (amateur HOFi)
  6692 | D:6      | Reached skill level 9 in Dodging
  6918 | D:6      | Reached XP level 9. HP: 45/45 MP: 15/20
  6919 | D:6      | Found a broken altar of Ashenzari.
  6936 | D:6      | Became a worshipper of Ashenzari the Shackled
  7005 | D:6      | Found a blossoming altar of Fedhas.
  7127 | D:6      | Found Duomem's Antique Weapon Shop.
  7130 | D:6      | Bought a glimmering mace for 200 gold pieces
  7130 | D:6      | Identified the +3 mace of Xilideh {venom, rN+} (You bought
                  | it in a shop on level 6 of the Dungeon)
  7290 | D:7      | Reached skill level 5 in Hexes
  7896 | D:7      | Reached skill level 10 in Dodging
  7951 | D:7      | Found a staircase to the Ecumenical Temple.
  8483 | D:8      | Reached skill level 10 in Conjurations
  8930 | D:8      | Reached XP level 10. HP: 43/50 MP: 14/21
  9328 | D:8      | Found a staircase to the Lair.
  9426 | D:8      | Reached skill level 11 in Dodging
  9675 | D:9      | Found a burning altar of Makhleb.
  9754 | D:9      | Noticed a two-headed ogre
  9807 | D:9      | Noticed a six-headed hydra
  9816 | D:9      | Slain by a six-headed hydra

Illustrated notes

Levels and vault maps discovered:
D:1:      dpeg_chamrin_arrival_tetris, layout_basic
D:2:      layout_basic, nicolae_overflow_crystal_walls, uniq_sigmund
D:3:      layout_loops_cross, lemuel_doored_altar, hangedman_decor_growths,
          serial_bayou_ford_a, wad_orctagon, uniq_grinder
D:4:      layout_basic, okawaru_metal_pillars_3, kennysheep_mini_moat,
          serial_glass, glass_columns_b, glass_columns_a, due_unseen_surprise,
          serial_shops, shop
D:5:      layout_basic
D:6:      layout_cave_pools, lemuel_crystal_altar, serial_shops,
          kennysheep_mini, gammafunk_ghost_grave, fedhas_ov_isle_minmay
D:7:      layout_rooms, temple_green
D:8:      layout_cave_pools, minmay_lair_entry_grove, special_room
          [special_room_orc]
D:9:      layout_roguey, overflow_temple_1_default, bloody_makhleb,
          serial_shops, shop_statue, minmay_misc_feat_plants,
          nicolae_zen_rock_garden, evilmike_ruin_ashenzari

Skill      XL: |  1  2  3  4  5  6  7  8  9 10 |
---------------+-------------------------------+-----
Dodging        | 3 4 5 6 7 9 10 11 | 11.1
Spellcasting   | 5 6 |  6.0
Conjurations   | 5 6 7 9 10 | 10.9
Hexes          | 4 7 8 |  8.7
Stealth        | |  2.4

Action                   |  1- 3 |  4- 6 |  7- 9 | 10-12 || total
-------------------------+-------+-------+-------+-------++-------
Melee: Dagger            |    31 |       |       |       ||    31
       Short sword       |    13 |    23 |     1 |       ||    37
       Morningstar       |       |       |    11 |       ||    11
       Mace              |       |       |     9 |    29 ||    38
Throw: Dart              |       |       |     3 |       ||     3
 Cast: Magic Dart        |    36 |    10 |    24 |       ||    70
       Searing Ray       |     5 |    19 |    92 |    17 ||   133
       Fulminant Prism   |       |       |     1 |       ||     1
Invok: Curse Item        |       |       |       |     4 ||     4
  Use: Scroll            |       |     9 |     3 |     4 ||    16
       Potion            |       |       |     1 |       ||     1
 Stab: Sleeping          |     4 |     1 |       |       ||     5
Armor: Robe              |    13 |     7 |     9 |       ||    29
       Leather armour    |       |       |    36 |    12 ||    48
Dodge: Dodged            |    35 |    25 |   116 |    42 ||   218
